 Dungeon Crawl Stone Soup version 0.30-a0-439-g9e77e4d916 (webtiles) character file.

Game seed: 11548911709878390166

14623 p00ps00p the Nimble (level 12, -18/108 HPs)
             Began as a Hill Orc Fighter on Dec 11, 2022.
             Was an Initiate of Gozag.
             Killed from afar by Jorgrun (73 damage)
             ... with an iron shot
             ... on level 12 of the Dungeon.
             The game lasted 00:20:12 (9951 turns).

p00ps00p the Nimble (Hill Orc Fighter)              Turns: 9951, Time: 00:20:16

Health: -18/108    AC: 24    Str: 26    XL:     12   Next: 18%
Magic:  12/12      EV: 15    Int: 12    God:    Gozag
Gold:   788        SH:  7    Dex: 17    Spells: 11/11 levels left

rFire   . . .      SeeInvis +    r - +10 war axe "Evuelloph" {vorpal, Fragile Str+2 Dex+4 Stlth+}
rCold   . . .      Faith    .    c - +0 buckler
rNeg    . . .      Spirit   .    s - +6 chain mail "Ufocae" {Fly Int+4}
rPois   .          Reflect  .    (no helmet)
rElec   .          Harm     .    (no cloak)
rCorr   .          Rampage  .    F - +1 pair of gloves
Will    .....                    G - +3 pair of boots of Qelazuops {Dex+3}
Stlth   ..........               l - amulet of the acrobat
HPRegen 0.38/turn                m - +4 ring of evasion
MPRegen 0.13/turn                v - ring of see invisible

@: grasped by roots, flying, constricted
A: no striking features
a: Renounce Religion, Potion Petition, Call Merchant, Bribe Branch


You were on level 12 of the Dungeon.
You worshipped Gozag.
Gozag was pleased with you.
You visited 2 branches of the dungeon, and saw 13 of its levels.

You collected 2239 gold pieces.
You spent 608 gold pieces at shops.
You paid 843 gold pieces to Gozag.

Inventory:

Hand Weapons
 a - a +1 war axe of electrocution
 r - the +10 war axe "Evuelloph" (weapon) {vorpal, Fragile Str+2 Dex+4 Stlth+}
   (You found it on level 4 of the Dungeon)

   It inflicts extra damage upon your enemies.
   Str:       It affects your strength (+2).
   Dex:       It affects your dexterity (+4).
   Fragile:   It will be destroyed if unequipped.
   Stlth:     It makes you more stealthy.
Armour
 c - a +0 buckler (worn)
 o - a +1 plate armour
 s - the +6 chain mail "Ufocae" (worn) {Fly Int+4}
   (You bought it in a shop on level 8 of the Dungeon)

   Int:       It affects your intelligence (+4).
   Fly:       It grants you flight.
 F - a +1 pair of gloves (worn)
 G - the +3 pair of boots of Qelazuops (worn) {Dex+3}
   (You bought it in a shop on level 8 of the Dungeon)

   Dex:       It affects your dexterity (+3).
Jewellery
 k - a +6 ring of dexterity
 l - an amulet of the acrobat (around neck)
 m - a +4 ring of evasion (left hand)
 q - an amulet of regeneration
 v - a ring of see invisible (right hand)
 y - an amulet of guardian spirit
 z - a +4 ring of evasion
Wands
 f - a wand of mindburst (4)
 B - a wand of polymorph (2)
Scrolls
 b - 2 scrolls of summoning
 g - 6 scrolls of teleportation
 w - 2 scrolls of silence
 A - a scroll of enchant weapon
 E - 2 scrolls of fog
 H - a scroll of blinking
 I - a scroll of amnesia
Potions
 d - a potion of might
 e - a potion of berserk rage
 h - 5 potions of flight
 i - 3 potions of curing
 j - a potion of resistance {unknown}
 n - 3 potions of haste
 t - 3 potions of mutation {unknown}
 u - a potion of magic {unknown}
 x - 3 potions of lignification {unknown}
 C - a potion of invisibility
 D - a potion of heal wounds {unknown}


   Skills:
 + Level 10.6 Fighting
 + Level 11.1 Axes
 + Level 9.7 Armour
 - Level 11.7 Dodging
 + Level 9.7 Shields


You had 11 spell levels left.
You didn't know any spells.
Your spell library contained the following spells:

 Spells                   Type           Power      Damage    Failure   Level
 Apportation              Tloc           0%         N/A       89%         1
 Freeze                   Ice            0%         1d3       89%         1
 Necrotise                Necr           0%         1d4       89%         1
 Summon Small Mammal      Summ           0%         N/A       89%         1
 Ensorcelled Hibernation  Hex/Ice        0%         N/A       96%         2
 Sublimation of Blood     Necr           0%         N/A       96%         2
 Frozen Ramparts          Ice            0%         1d1       99%         3
 Gell's Gravitas          Tloc           0%         N/A       99%         3
 Hailstorm                Conj/Ice       0%         3d3       99%         3
 Ignite Poison            Fire/Tmut/Pois 0%         N/A       99%         3
 Lesser Beckoning         Tloc           0%         N/A       99%         3
 Spider Form              Tmut/Pois      0%         N/A       99%         3
 Teleport Other           Tloc           0%         N/A       99%         3
 Anguish                  Hex/Necr       0%         N/A       100%        4
 Petrify                  Tmut/Erth      0%         N/A       100%        4
 Sticky Flame             Conj/Fire      0%         2d3       100%        4
 Irradiate                Conj/Tmut      0%         3d11      100%        5
 Dispersal                Tloc           0%         N/A       100%        6
 Ignition                 Fire           0%         3d3       100%        8


Dungeon Overview and Level Annotations

Branches:
Dungeon (12/15)            Temple (1/1) D:4            Lair (0/5) D:9
    Orc: D:9-12

Altars:
Ashenzari
Cheibriados
Dithmenos
Elyvilon
Fedhas
Gozag
Hepliaklqana
Kikubaaqudgha
Makhleb
Nemelex Xobeh
Okawaru
Qazlal
Ru
Sif Muna
Trog
Uskayaw
Vehumet
Wu Jian
Xom
Yredelemnul
Zin
The Shining One

Shops:
D:2 **((   D:3 (   D:8 [   D:11 :

Annotations:
D:12 Jorgrun


Message History

You catch the helpless Jorgrun completely off-guard!
You hit Jorgrun but do no damage.
Jorgrun is no longer distracted by gold.
Jorgrun is moderately wounded.
You slash Jorgrun!
Jorgrun is heavily wounded.
Jorgrun is distracted by your dazzling golden aura.
You closely miss Jorgrun.
Jorgrun is no longer distracted by gold.
Jorgrun shouts!
Jorgrun is heavily wounded.
You slash Jorgrun!
Jorgrun is heavily wounded.
Jorgrun casts a spell at you.
Roots burst forth from the earth!
The grasping roots grab you! The grasping roots constrict you!
You closely miss Jorgrun.
Jorgrun is heavily wounded.
You hear the faint crackling of a very distant melting archway.
Jorgrun says, "'tis place shall be yer tomb!"
Jorgrun barely misses you. The grasping roots constrict you!
You slash Jorgrun!
Jorgrun is severely wounded.
Jorgrun casts a spell at you.
You barely resist. The grasping roots constrict you.
You miss Jorgrun.
Jorgrun is severely wounded.
Jorgrun hits you with a +0 vorpal quarterstaff!
The grasping roots constrict you!
You slash Jorgrun!
Jorgrun is severely wounded.
Jorgrun hits you but does no damage. The grasping roots constrict you.
You miss Jorgrun.
Jorgrun is severely wounded.
Jorgrun points at you and mumbles some strange words.
The iron shot hits you!!!!
Ouch! That really hurt!
You die...
Your body crumbles into a pile of gold.

#..?..# #
#.....# .# #.
#.....#..#
+..#.....#..
#..#....... #
#.. .....# .#
+###..###$g##..#
.........$@....#
###...$$....#
#...$.....#
#..########
####...# #..#
...#...# #..#
...#...# #..#
...#...# ###..#
...#...# #....#


You could see Jorgrun (empowered).

Vanquished Creatures
  An ogre mage (D:10)
  Erica (D:11)
  3 two-headed ogres
  A boulder beetle (D:12)
  An ugly thing (D:11)
  A cyclops (D:8)
  Joseph (D:7)
  A gargoyle (D:11)
  A kobold demonologist (D:11)
  3 meliai (D:10)
  A shadow (D:11)
  24 yaks
  2 wraiths
  2 vampire mosquitoes (D:11)
  An acid dragon (D:11)
  Duvessa (D:6)
  A water moccasin (D:6)
  5 orc warriors
  A sky beast (D:6)
  A black bear (D:5)
  An ogre (D:4)
  5 centaurs
  4 phantoms
  6 kobold brigands
  4 bullfrogs
  6 scorpions
  3 necrophages
  A gnoll sergeant (D:12)
  8 wights
  Dowan (D:6)
  A howler monkey (D:11)
  5 orc priests
  4 hounds
  2 jellies
  A gnoll bouda (D:9)
  7 iguanas
  Natasha (twice) (D:2)
  14 orc wizards
  4 adders (D:4)
  8 gnolls
  3 shadow imps
  2 white imps (D:6)
  3 ufetubi (D:6)
  2 worms (D:5)
  2 dart slugs
  45 orcs
  3 bats
  7 endoplasms
  3 giant cockroaches
  10 goblins
  7 hobgoblins
  6 jackals (D:3)
  5 quokkas
  8 ball pythons
  3 frilled lizards
  29 kobolds
  8 rats
286 creatures vanquished.

Vanquished Creatures (others)
  14 plants (D:6)
14 creatures vanquished.

Grand Total: 300 creatures vanquished

Notes
Turn   | Place    | Note
-------+----------+-------------------------------------------
     0 | D:1      | p00ps00p the Hill Orc Fighter began the quest for the Orb.
     0 | D:1      | Reached XP level 1. HP: 19/19 MP: 1/1
   169 | D:1      | Reached XP level 2. HP: 24/27 MP: 2/2
   765 | D:2      | Reached XP level 3. HP: 33/33 MP: 3/3
   767 | D:2      | Found Heonadef's Antique Weapon Emporium.
   773 | D:2      | Identified the +10 short sword "Hacru" {vorpal, Int+2}
   788 | D:2      | Found Sayntok's General Store.
   931 | D:2      | Found a faded altar of an unknown god.
   935 | D:2      | Noticed Natasha
   942 | D:2      | Killed Natasha
   977 | D:2      | Found Omuifet's Antique Weapon Shoppe.
  1135 | D:2      | Found Jeebokob's General Store.
  1187 | D:2      | Reached XP level 4. HP: 40/40 MP: 4/4
  1316 | D:2      | Noticed Natasha
  1319 | D:2      | Killed Natasha
  1325 | D:2      | Found an ancient bone altar of Kikubaaqudgha.
  1478 | D:3      | Reached XP level 5. HP: 47/47 MP: 5/5
  1551 | D:3      | Found Urocagh's Antique Weapon Shop.
  1794 | D:3      | Found a white marble altar of Elyvilon.
  1924 | D:4      | Noticed an ogre
  1925 | D:4      | You fall into a shaft and drop 1 floor!
  1925 | D:5      | Entered Level 5 of the Dungeon
  1972 | D:5      | Reached skill level 5 in Fighting
  1972 | D:5      | Reached XP level 6. HP: 46/56 MP: 6/6
  2195 | D:5      | Reached skill level 5 in Axes
  2203 | D:5      | Reached skill level 5 in Armour
  2203 | D:5      | Reached skill level 5 in Shields
  2351 | D:5      | Noticed a black bear
  2355 | D:5      | Reached XP level 7. HP: 61/61 MP: 7/7
  2695 | D:4      | Identified the +10 war axe "Evuelloph" {vorpal, Fragile
                  | Str+2 Dex+4 Stlth+}
  2821 | D:4      | Found a staircase to the Ecumenical Temple.
  2838 | Temple   | Entered the Ecumenical Temple
  3077 | Temple   | Became a worshipper of Gozag Ym Sagoz the Greedy
  3154 | D:4      | Reached XP level 8. HP: 36/71 MP: 8/8
  3915 | D:6      | Found a glowing golden altar of the Shining One.
  3932 | D:6      | Noticed Dowan
  3939 | D:6      | Killed Dowan
  3951 | D:6      | Noticed Duvessa
  3966 | D:6      | Killed Duvessa
  3979 | D:6      | Reached XP level 9. HP: 57/79 MP: 9/9
  4410 | D:6      | Found a bloodstained altar of Trog.
  4410 | D:6      | Found an ornate altar of the Wu Jian Council.
  5108 | D:6      | Found a stormy altar of Qazlal.
  5262 | D:7      | Noticed Joseph
  5279 | D:7      | Killed Joseph
  5835 | D:8      | Noticed a two-headed ogre
  5840 | D:8      | Killed a two-headed ogre
  5841 | D:8      | Reached XP level 10. HP: 91/91 MP: 10/10
  5925 | D:8      | Noticed a cyclops
  5936 | D:8      | Killed a cyclops
  6106 | D:8      | Reached skill level 10 in Axes
  6149 | D:8      | Bought a pair of masterwork boots for 304 gold pieces
  6149 | D:8      | Identified the +3 pair of boots of Qelazuops {Dex+3} (You
                  | bought it in a shop on level 8 of the Dungeon)
  6748 | D:9      | Reached skill level 10 in Fighting
  6765 | D:9      | Found a staircase to the Lair.
  6840 | D:9      | Reached skill level 1 in Dodging
  7163 | D:9      | Found a blossoming altar of Fedhas.
  7182 | D:9      | Reached skill level 5 in Dodging
  7383 | D:8      | Bought a dazzling chain mail for 304 gold pieces
  7383 | D:8      | Identified the +6 chain mail "Ufocae" {Fly Int+4} (You
                  | bought it in a shop on level 8 of the Dungeon)
  7437 | D:10     | Entered Level 10 of the Dungeon
  7501 | D:10     | Reached XP level 11. HP: 41/99 MP: 11/11
  7989 | D:10     | Noticed a two-headed ogre
  7996 | D:10     | Killed a two-headed ogre
  8282 | D:10     | Noticed an ogre mage
  8293 | D:10     | Killed an ogre mage
  8756 | D:10     | Reached skill level 10 in Dodging
  9287 | D:11     | Noticed a two-headed ogre
  9295 | D:11     | Killed a two-headed ogre
  9300 | D:11     | Found Beulooc's Book Boutique.
  9300 | D:11     | Noticed a white ugly thing
  9332 | D:11     | Killed a white ugly thing
  9538 | D:11     | Reached XP level 12. HP: 106/106 MP: 12/12
  9562 | D:11     | Identified the +5 spear "Nejov" {spect, Drain rN++ Int+3
                  | Stlth+}
  9680 | D:11     | Noticed Erica
  9687 | D:11     | Killed Erica
  9838 | D:12     | Noticed a boulder beetle
  9852 | D:12     | Killed a boulder beetle
  9929 | D:12     | Noticed Jorgrun
  9951 | D:12     | Killed from afar by Jorgrun

Illustrated notes

Levels and vault maps discovered:
D:1:      minmay_arrival_radiant_lines, layout_loops_ring
D:2:      layout_loops_ring, serial_shops, shop_fountains, shop, shop,
          nicolae_square_shop, basic_altar, ebering_ecumenical_altar_box,
          uniq_natasha
D:3:      layout_rooms, lemuel_coloured_pillars_altar, serial_shops, shop,
          amcnicky_mini_rare_corridor_liquid
D:4:      minmay_bubble_buster, layout_cave_pods,
          minmay_temple_entry_glassed_door, minmay_statues_item
D:5:      layout_rooms
D:6:      layout_basic, chequers_temple_overflow_statue_of_worship,
          hangedman_feature_mirror, serial_bayou_pond_c, uniq_duvessa
D:7:      layout_cave_pools, uniq_joseph
D:8:      layout_basic
D:9:      layout_big_octagon, mainiacjoe_overflow_surrounded_room,
          lair_entry_dummy
D:10:     layout_stronghold, minmay_librarian
D:11:     layout_roguey, kennysheep_windowed_goal, uniq_erica
D:12:     layout_irregular_city, hiddenorc1_lemuel,
          portal_ice_cave_entry_pillars_2, serial_shops, kennysheep_mini,
          uniq_frances, uniq_jorgrun
Temple:   hc_temple_tempest_star

Skill      XL: |  1  2  3  4  5  6  7  8  9 10 11 12 |
---------------+-------------------------------------+-----
Axes           | 3 4 5 6 7 9 10 11 | 11.1
Fighting       | 4 5 6 7 9 10 | 10.6
Armour         | 4 5 6 8 9 |  9.7
Shields        | 4 5 6 8 9 |  9.7
Dodging        | 6 11 | 11.7

Action                   |  1- 3 |  4- 6 |  7- 9 | 10-12 || total
-------------------------+-------+-------+-------+-------++-------
Melee: War axe           |    58 |       |   157 |   258 ||   473
       Short sword       |    18 |    93 |    30 |       ||   141
Invok: Call Merchant     |       |       |       |     1 ||     1
Evoke: Wand              |       |       |     4 |    10 ||    14
  Use: Scroll            |     2 |     6 |     5 |    11 ||    24
       Potion            |       |       |     3 |     1 ||     4
 Stab: Distracted        |       |       |     1 |     4 ||     5
       Invisible         |       |       |       |     3 ||     3
Armor: Scale mail        |    31 |       |       |       ||    31
       Chain mail        |     5 |     2 |       |    53 ||    60
       Plate armour      |       |    34 |    61 |    22 ||   117
Dodge: Dodged            |    33 |    44 |   114 |   216 ||   407
Block: Buckler           |    18 |    22 |    61 |    84 ||   185

Table legend: (Time is in decaauts)
 A = Elapsed time spent in this place.
 B = Non-inter-level travel time spent in this place.
 C = Inter-level travel time spent in this place.
 D = Time resting spent in this place.
 E = Time spent auto-exploring this place.
 F = Levels seen in this place.
 G = Mean time per level.
                   A        B        C        D        E       F      G
               +--------+--------+--------+--------+--------+-----+--------+
         Total |  10020 |   9592 |    428 |   1715 |   5838 |  13 |  770.8 |
       Dungeon |   9760 |   9364 |    396 |   1715 |   5626 |  12 |  813.3 |
        Temple |    260 |    228 |     32 |      0 |    212 |   1 |  260.0 |
               +--------+--------+--------+--------+--------+-----+--------+

Top non-repeatable levels by time:
    D:10: 1795 daAuts
     D:6: 1243 daAuts
     D:4: 1111 daAuts
     D:8: 940 daAuts
     D:1: 733 daAuts
     D:7: 693 daAuts
     D:2: 692 daAuts
     D:5: 683 daAuts
     D:9: 674 daAuts
    D:11: 560 daAuts
     D:3: 477 daAuts
  Temple: 260 daAuts
    D:12: 154 daAuts
